 Dungeon Crawl Stone Soup version 0.27-a0-1189-gb8eb6cee8e (webtiles) character file.

Game seed: 9363355157980739403

3528 polve the Blocker (level 10, 0/68 HPs)
             Began as a Gargoyle Fighter on May 22, 2021.
             Was an Initiate of Qazlal.
             Slain by an unseen horror (1 damage)
             ... on level 8 of the Dungeon.
             The game lasted 00:08:32 (9097 turns).

polve the Blocker (Gargoyle Fighter)                Turns: 9097, Time: 00:08:33

Health: 0/68       AC: 15    Str: 20 (22) XL:     10   Next: 8%
Magic:  0/10       EV:  8    Int:  9 (12) God:    Qazlal [......]
Gold:   453        SH: 12    Dex:  8 (11) Spells: 9/9 levels left

rFire    . . .     SeeInvis .   C - +0 morningstar
rCold    . . .     Faith    .   c - +0 kite shield
rNeg     + . .     Spirit   +   b - +0 scale mail
rPois    ∞         Reflect  .   (no helmet)
rElec    +         Harm     .   l - +0 cloak
rCorr    +         Rampage  .   (no gloves)
Will     .....                  (no boots)
Stlth    ..........             m - amulet of guardian spirit
HPRegen  0.21/turn              g - ring of resist corrosion
MPRegen  0.12/turn              (no ring)

@: hasted, very quick
A: sickness immunity, AC +7, negative energy resistance 1, electricity
resistance, torment resistance 1, petrification resistance, agile 1, clever 1,
MP-powered wands
a: Renounce Religion


You were on level 8 of the Dungeon.
You worshipped Qazlal.
Qazlal was noncommittal.
You visited 2 branches of the dungeon, and saw 9 of its levels.

You collected 453 gold pieces.

Inventory:

Hand Weapons
 a - a +0 flail
 C - a +0 morningstar (weapon)
Armour
 b - a +0 scale mail (worn)
 c - a +0 kite shield (worn)
 l - a +0 cloak (worn)
Jewellery
 g - a ring of resist corrosion (left hand)
 m - an amulet of guardian spirit (around neck)
 q - a ring of fire
 t - an amulet of magic regeneration
 w - a ring of positive energy
 A - an amulet of the acrobat
Wands
 p - a wand of paralysis (5)
 s - a wand of iceblast (10)
 v - a wand of flame (20)
 z - a wand of polymorph (7)
Scrolls
 d - 2 scrolls of vulnerability {unknown}
 e - a scroll of noise {unknown}
 h - 7 scrolls of identify
 i - a scroll of blinking {unknown}
 j - a scroll of fear {unknown}
 n - 2 scrolls of acquirement {unknown}
 o - 6 scrolls of teleportation
 r - 2 scrolls of brand weapon {unknown}
 u - 2 scrolls of enchant armour {unknown}
 x - a scroll of amnesia {unknown}
 y - a scroll of immolation {unknown}
Potions
 B - a potion of brilliance


   Skills:
 - Level 9.9 Fighting
 + Level 9.8 Maces & Flails
 - Level 3.2 Armour
 + Level 10.9 Shields


You had 9 spell levels left.
You didn't know any spells.
Your spell library contained the following spells:

 Spells                   Type           Power      Damage    Failure   Level
 Animate Skeleton         Necr           0%         N/A       88%         1
 Corona                   Hex            0%         N/A       88%         1
 Pain                     Necr           0%         1d4       88%         1
 Ensorcelled Hibernation  Hex/Ice        0%         N/A       96%         2
 Confusing Touch          Hex            0%         N/A       99%         3
 Dazzling Flash           Conj/Hex       0%         N/A       99%         3
 Tukima's Dance           Hex            0%         N/A       99%         3
 Vampiric Draining        Necr           0%         2d6       99%         3
 Animate Dead             Necr           0%         N/A       100%        4
 Agony                    Necr           0%         N/A       100%        5


Dungeon Overview and Level Annotations

Branches:
Dungeon (8/15)             Temple (1/1) D:5
   Lair: D:8-11

Altars:
Ashenzari
Cheibriados
Dithmenos
Elyvilon
Fedhas
Gozag
Hepliaklqana
Makhleb
Nemelex Xobeh
Qazlal
Ru
Sif Muna
Trog
Uskayaw
Vehumet
Wu Jian
Xom
Yredelemnul
Zin
The Shining One

Shops:
D:2 :   D:4 (


Innate Abilities, Weirdness & Mutations

You are immune to sickness and miasma.
Your stone body is resilient. (AC +7)
You are immune to poison.
You resist negative energy. (rN+)
You are resistant to electric shocks. (rElec)
You are resistant to unholy torment.
You are immune to petrification.
You are agile. (Dex +2)
Your mind is acute. (Int +2)
You expend magic power (3 MP) to strengthen your wands.


Message History

Something hits you but does no damage.
You miss something. Something hits you but does no damage. Something hits you.
You sock something!
Something hits you but does no damage. x3
You hit something but do no damage.
Something hits you but does no damage. x2
You barely miss something. Something hits you!
You barely miss something. Something hits you. You block something's attack.
Your shield and scale mail prevent you from hitting something.
Something completely misses you. Something hits you but does no damage.
You puncture something! Something hits you!
* * * LOW HITPOINT WARNING * * *
You swing at nothing.
Something completely misses you. You block something's attack.
You puncture something! Something hits you.
* * * LOW HITPOINT WARNING * * *
You swing at nothing.
Something hits you.
* * * LOW HITPOINT WARNING * * *
Something hits you but does no damage.
You closely miss something.
Something hits you but does no damage. x2
You hit something. Something hits you but does no damage.
You swing at nothing.
Something hits you!
* * * LOW HITPOINT WARNING * * *
Something hits you but does no damage.
You barely miss something. Something hits you but does no damage.
You feel better. Something hits you!
* * * LOW HITPOINT WARNING * * *
You feel yourself speed up. Something hits you but does no damage.
You miss something. Something hits you but does no damage.
You swing at nothing.
Something hits you but does no damage. Something hits you.
* * * LOW HITPOINT WARNING * * *
You block something's attack. Something hits you but does no damage.
Found 21 gold pieces.
Something hits you but does no damage. Something hits you but does no damage.
Something hits you but does no damage. Something hits you!
* * * LOW HITPOINT WARNING * * *
Something hits you.
You die...

#...####...##.#...........
#...)##....##...........##
###...<......#####...#......
#...)........8##.....#.##....
#............##.........##...
..............##...........
##............##........#..
#...(#8###8###⌠#.........#.
#....### ### ##@..........
#.... #.##........ ..#.#
...###..$... ##.## ...... ##.
..... . .. . ..


There were no monsters in sight!

Vanquished Creatures
  The ghost of Killmatronix the Slinger, a novice DgHu (D:6)
  Joseph (D:8)
  Menkaure (D:7)
  3 water moccasins
  A sky beast (D:5)
  An ice beast (D:4)
  A hornet zombie (D:6)
  2 ogres
  A necrophage (D:6)
  4 centaurs
  A bullfrog (D:7)
  A gnoll sergeant (D:4)
  2 scorpions
  A water moccasin zombie (D:6)
  A water moccasin skeleton (D:5)
  3 bullfrog zombies
  3 hounds
  7 orc priests
  A centaur skeleton (D:6)
  Crazy Yiuf (D:3)
  2 iguanas
  A scorpion zombie (D:5)
  Ijyb (D:4)
  Terence (D:2)
  Natasha (thrice) (D:3)
  2 orc wizards
  A hound zombie (D:5)
  A hound skeleton (D:4)
  4 gnolls
  13 adders
  A howler monkey skeleton (D:7)
  An ufetubus (D:4)
  An adder skeleton (D:4)
  3 worms
  A dart slug (D:3)
  24 orcs
  8 bats
  6 endoplasms
  4 giant cockroaches
  6 goblins
  7 hobgoblins
  4 jackals
  A quokka (D:1)
  6 ball pythons
  2 frilled lizards (D:2)
  7 kobolds
  7 rats
155 creatures vanquished.

Notes
Turn   | Place    | Note
-------+----------+-------------------------------------------
     0 | D:1      | polve the Gargoyle Fighter began the quest for the Orb.
     0 | D:1      | Reached XP level 1. HP: 14/14 MP: 1/1
   381 | D:1      | Reached XP level 2. HP: 9/19 MP: 2/2
   830 | D:1      | Found a faded altar of an unknown god.
   992 | D:2      | Reached skill level 4 in Shields
   992 | D:2      | Reached XP level 3. HP: 23/23 MP: 3/3
  1105 | D:2      | Found Eghazxif's Book Boutique.
  1390 | D:2      | Noticed Terence
  1396 | D:2      | Killed Terence
  1397 | D:2      | Reached XP level 4. HP: 24/28 MP: 4/4
  2123 | D:3      | Found a runed translucent door.
  2124 | D:3      | Noticed Crazy Yiuf
  2237 | D:3      | Noticed Natasha
  2248 | D:3      | Killed Natasha
  2249 | D:3      | Reached XP level 5. HP: 27/32 MP: 5/5
  2340 | D:3      | Noticed Natasha
  2341 | D:3      | Reached skill level 5 in Shields
  2407 | D:3      | Reached skill level 8 in Shields
  2407 | D:3      | Reached XP level 6. HP: 9/48 MP: 2/6
  2408 | D:3      | HP: 1/48 [frozen (4)]
  2420 | D:3      | Killed Natasha
  2727 | D:3      | Noticed Natasha
  2732 | D:3      | Killed Natasha
  3095 | D:3      | Killed Crazy Yiuf
  3400 | D:4      | Noticed Ijyb
  3421 | D:4      | Killed Ijyb
  3534 | D:4      | Found Xikuing's Weapon Emporium.
  3668 | D:4      | Reached XP level 7. HP: 51/52 MP: 5/7
  4168 | D:5      | Entered Level 5 of the Dungeon
  4190 | D:5      | Identified the +5 ring mail of Kevuut {rElec rC++ Will-
                  | Str+4}
  4481 | D:4      | Reached skill level 9 in Shields
  4843 | D:5      | Reached XP level 8. HP: 37/57 MP: 5/8
  5024 | D:5      | Found a broken altar of Ashenzari.
  5141 | D:5      | Found a staircase to the Ecumenical Temple.
  5218 | Temple   | Entered the Ecumenical Temple
  5434 | Temple   | Became a worshipper of Qazlal Stormbringer
  5603 | D:5      | Gained mutation: Your mind is acute. (Int +2) [potion of
                  | mutation]
  5603 | D:5      | Gained mutation: You have sharp toenails. [potion of
                  | mutation]
  5603 | D:5      | Gained mutation: You are agile. (Dex +2) [potion of
                  | mutation]
  6132 | D:6      | Reached XP level 9. HP: 60/62 MP: 7/9
  6173 | D:6      | Noticed a komodo dragon
  6204 | D:6      | Lost mutation: You are agile. (Dex +2) [potion of mutation]
  6204 | D:6      | Lost mutation: You have sharp toenails. [potion of
                  | mutation]
  6204 | D:6      | Gained mutation: You are agile. (Dex +2) [potion of
                  | mutation]
  6204 | D:6      | Gained mutation: You expend magic power (3 MP) to
                  | strengthen your wands. [potion of mutation]
  6532 | D:6      | Reached skill level 10 in Shields
  7025 | D:6      | Found a hazy altar of Hepliaklqana.
  7182 | D:6      | Found a sacrificial altar of Ru.
  7277 | D:6      | Found a glowing golden altar of the Shining One.
  7319 | D:6      | Noticed Killmatronix's ghost (novice DgHu)
  7320 | D:6      | Found a runed translucent door.
  7320 | D:6      | Identified the +6 quarterstaff "Qiarioge" {protect, Stlth+}
  7357 | D:6      | Killed Killmatronix's ghost
  8443 | D:7      | Noticed Menkaure
  8452 | D:7      | Killed Menkaure
  8818 | D:8      | Noticed Joseph
  8835 | D:8      | Killed Joseph
  8836 | D:8      | Reached XP level 10. HP: 38/68 MP: 5/10
  9096 | D:8      | HP: 1/68 [something (6)]
  9097 | D:8      | Slain by an unseen horror

Illustrated notes

Levels and vault maps discovered:
D:1:      saegor_arrival_simple_c, layout_rooms, ebering_ecumenical_altar_rust
D:2:      layout_loops_cross, serial_shops, shop, minmay_quadrilaterals,
          uniq_terence
D:3:      layout_basic, uniq_natasha, uniq_crazy_yiuf_cottage
D:4:      layout_basic, serial_shops, kennysheep_mini, uniq_ijyb
D:5:      layout_loops_cross, ashenzari_altar_1,
          minmay_temple_entry_glassed_door
D:6:      layout_basic, marbit_many_paths, lemuel_coloured_pillars_altar,
          old_standard_altar, gammafunk_ghost_grave, grunt_potential
D:7:      layout_rooms, uniq_menkaure
D:8:      layout_cave_pools, okawaru_ov_weapons_minmay,
          chequers_hall_statues_corner_a, kennysheep_generic_room_8,
          uniq_joseph, uniq_maggie
Temple:   eino_temple_scatter_basement

Skill      XL: |  1  2  3  4  5  6  7  8  9 |
---------------+----------------------------+-----
Shields        | 4 8 9 10 | 10.9
Maces & Flails | 3 7 8 9 |  9.8
Fighting       | 9 |  9.9
Armour         | |  3.2

Action                   |  1- 3 |  4- 6 |  7- 9 | 10-12 || total
-------------------------+-------+-------+-------+-------++-------
Melee: Flail             |   107 |   144 |   433 |    10 ||   694
       Kick              |       |       |    14 |       ||    14
       Morningstar       |       |       |       |    23 ||    23
  Use: Potion            |       |     7 |     7 |     2 ||    16
       Scroll            |       |       |     2 |       ||     2
Armor: Scale mail        |    65 |    96 |   162 |    43 ||   366
Dodge: Dodged            |    47 |    68 |   110 |     5 ||   230
Block: Kite shield       |    70 |   126 |   240 |    16 ||   452

Table legend: (Time is in decaauts)
 A = Elapsed time spent in this place.
 B = Non-inter-level travel time spent in this place.
 C = Inter-level travel time spent in this place.
 D = Time resting spent in this place.
 E = Time spent auto-exploring this place.
 F = Levels seen in this place.
 G = Mean time per level.
                   A        B        C        D        E       F      G
               +--------+--------+--------+--------+--------+-----+--------+
         Total |   9227 |   8912 |    315 |      0 |   7279 |   9 | 1025.2 |
       Dungeon |   9000 |   8722 |    278 |      0 |   7091 |   8 | 1125.0 |
        Temple |    226 |    189 |     37 |      0 |    188 |   1 |  226.0 |
               +--------+--------+--------+--------+--------+-----+--------+

Top non-repeatable levels by time:
     D:6: 2037 daAuts
     D:4: 1376 daAuts
     D:3: 1352 daAuts
     D:5: 1152 daAuts
     D:2: 1044 daAuts
     D:1: 1006 daAuts
     D:7: 751 daAuts
     D:8: 278 daAuts
  Temple: 226 daAuts
